 Dungeon Crawl Stone Soup version 0.21.1-1-g345015f (webtiles) character file.

170 kae the Insei (level 5, -4/34 HPs)
             Began as an Octopode Transmuter on May 26, 2018.
             Slain by a centaur
             ... wielding a cursed -2 shortbow
              (9 damage)
             ... on level 3 of the Dungeon.
             The game lasted 00:01:58 (2252 turns).

kae the Insei (Octopode Transmuter)                 Turns: 2252, Time: 00:01:58

Health: -4/34      AC:  2    Str:  9    XL:     5   Next: 51%
Magic:  9/9        EV: 13    Int: 15    God:
Gold:   119        SH:  0    Dex: 14    Spells: 3/9 levels left

rFire    . . .     SeeInvis .     - Unarmed
rCold    . . .     Gourm    .   (no shield)
rNeg     . . .     Faith    .   h - +1 hat
rPois    .         Spirit   .   (no amulet)
rElec    .         Reflect  .   (no ring)
rCorr    .         Harm     .   (no ring)
MR       .....                  (no ring)
Stlth    ++........             (no ring)
HPRegen  0.11/turn              (no ring)
MPRegen  0.11/turn              (no ring)
                                (no ring)
                                (no ring)

@: no status effects
A: almost no armour, stealthy swim, amphibious, 8 rings, constrict 8, camouflage
1, gelatinous body 1
a: no special abilities


You were on level 3 of the Dungeon.
You were hungry.

You visited 1 branch of the dungeon, and saw 4 of its levels.

You collected 119 gold pieces.

Inventory:

Missiles
 a - 29 arrows
Armour
 h - a +1 hat (worn)
Jewellery
 e - an uncursed ring of poison resistance {unknown}
 p - an uncursed ring of protection from cold {unknown}
 q - a cursed ring of loudness {unknown}
Wands
 o - a wand of acid (15)
Scrolls
 d - a scroll of noise {unknown}
 f - 2 scrolls of blinking {unknown}
 g - 3 scrolls of identify {unknown}
 i - 3 scrolls of teleportation {unknown}
 j - 2 scrolls of immolation {unknown}
 l - a scroll of enchant weapon {unknown}
 n - a scroll of enchant armour {unknown}
Potions
 k - a potion of lignification {unknown}
 m - 2 potions of curing
 r - a potion of brilliance {unknown}
Books
 b - a book of Changes

   Spells                             Type                      Level
   a - Beastly Appendage              Transmutation                1
   b - Sticks to Snakes               Transmutation                2
   c - Spider Form                    Transmutation/Poison         3
   d - Ice Form                       Ice/Transmutation            4
   e - Blade Hands                    Transmutation                5
Comestibles
 c - 6 rations


   Skills:
 + Level 2.2 Fighting
 - Level 2.0 Dodging
 * Level 4.2 Unarmed Combat
 + Level 2.7 Spellcasting
 * Level 3.5 Transmutations


You had 3 spell levels left.
You knew the following spells:

 Your Spells              Type           Power        Failure   Level  Hunger
a - Beastly Appendage     Tmut           ##....       4%          1    #......
b - Sticks to Snakes      Tmut           ##......     8%          2    ##.....
c - Spider Form           Tmut/Pois      #.........   30%         3    ###....


Dungeon Overview and Level Annotations

Branches:
Dungeon (4/15)
 Temple: D:4-7

Altars:
Nemelex Xobeh
Xom
Zin


Innate Abilities, Weirdness & Mutations

You cannot wear most types of armour.
You are very stealthy in the water. (Stealth+)
You are amphibious.
You can wear up to eight rings at the same time.
You can use your tentacles to constrict eight enemies at once.
Your skin changes colour to match your surroundings (Stealth+).
Your rubbery body absorbs attacks. (AC +1, EV +1)


Message History

The centaur is heavily wounded.
The centaur misses you.
You tentacle-slap the centaur but do no damage.
You squeeze the centaur.
The centaur is severely wounded.
The centaur hits you with a shortbow.
You tentacle-slap the centaur. You squeeze the centaur.
The centaur is almost dead.
The centaur hits you with a shortbow. The centaur closely misses you.
You tentacle-slap the centaur but do no damage.
The centaur is almost dead.
The centaur barely misses you.
You tentacle-slap the centaur.
The centaur is almost dead.
The centaur hits you with a shortbow!
* * * LOW HITPOINT WARNING * * *
You tentacle-slap the centaur but do no damage.
The centaur is almost dead.
The centaur hits you with a shortbow!
You die...

##.............#
#...###############
#......# #.........
####......# #.........
##.........###########.
#......รท...#.........#.
#..###.#####.#######.#.
#....c.................
###.####@................
#...###############..#.##
#......# #........(.#.##
#...##.####.......####.#.
#...##.#.................
#...##....#......#.###...
#..(##......#'#..........
#...###.....#.####.##.###
##### #.....#.......#....


You could see a centaur.

Vanquished Creatures
  2 orc priests (D:3)
  5 adders
  An ooze (D:3)
  2 worms (D:3)
  2 dart slugs
  3 orcs (D:3)
  A ball python (D:3)
  7 bats
  4 giant cockroaches
  7 goblins
  6 hobgoblins
  3 kobolds (D:1)
  A quokka (D:3)
  2 frilled lizards
  6 rats
52 creatures vanquished.

Notes
Turn   | Place    | Note
-------+----------+-------------------------------------------
     0 | D:1      | kae the Octopode Transmuter began the quest for the Orb.
     0 | D:1      | Reached XP level 1. HP: 13/13 MP: 3/3
   272 | D:1      | Reached XP level 2. HP: 18/18 MP: 3/5
   696 | D:2      | Reached XP level 3. HP: 23/23 MP: 4/6
   707 | D:2      | Learned a level 2 spell: Sticks to Snakes
   711 | D:2      | Learned a level 3 spell: Spider Form
   838 | D:2      | Found a glowing silver altar of Zin.
   973 | D:2      | Reached XP level 4. HP: 24/29 MP: 7/7
  1082 | D:2      | Found a shimmering altar of Xom.
  1143 | D:2      | Found a sparkling altar of Nemelex Xobeh.
  1520 | D:3      | Reached skill level 4 in Unarmed Combat
  1520 | D:3      | Reached XP level 5. HP: 8/34 MP: 5/8
  2239 | D:4      | Noticed a centaur
  2252 | D:3      | Slain by a centaur

Skill      XL: |  1  2  3  4 |
---------------+-------------+-----
Transmutations | 3 |  3.5
Fighting       | 2 |  2.2
Unarmed Combat | 4 |  4.2
Dodging        | |  2.0
Spellcasting   | |  2.7

Action                   |  1- 3 |  4- 6 || total
-------------------------+-------+-------++-------
Melee: Unarmed           |    67 |    81 ||   148
       Constrict         |    20 |    14 ||    34
       Tentacles         |    13 |    18 ||    31
       Kick              |     9 |     3 ||    12
       Punch             |     1 |     1 ||     2
 Cast: Beastly Appendage |     9 |     4 ||    13
       Spider Form       |       |     1 ||     1
 Stab: Sleeping          |     8 |     7 ||    15
  Eat: Chunk             |       |     4 ||     4
Armor: Skin              |    18 |     5 ||    23
Dodge: Dodged            |    38 |    55 ||    93
